 Dungeon Crawl Stone Soup version 0.30-a0-1074-g5db6f66fbb (webtiles) character file.

Game seed: 6679176338642468930

4347 oldriver the Cleaver (level 10, -1/77 HPs)
             Began as a Demonspawn Gladiator on Apr 14, 2023.
             Was a Believer of Makhleb.
             Slain by a bullfrog (3 damage)
             ... in a bailey.
             The game lasted 00:15:16 (9453 turns).

oldriver the Cleaver (Demonspawn Gladiator)         Turns: 9453, Time: 00:15:17

Health: -1/77      AC:  7    Str: 19    XL:     10   Next: 12%
Magic:  13/13      EV: 12    Int: 14    God:    Makhleb [**....]
Gold:   444        SH: 10    Dex: 19    Spells: 9/9 levels left

rFire   + + .      SeeInvis .    a - +0 war axe
rCold   . . .      Faith    .    B - +0 buckler
rNeg    . . .      Spirit   .    u - +2 leather armour of the Poles {rF+ Int+5}
rPois   .          Reflect  +    c - +0 helmet
rElec   .          Rampage  .    i - +0 cloak
rCorr   +                        (no gloves)
Will    .....                    (no boots)
Stlth   +++++                    I - amulet of reflection
HPRegen 4.32/turn                b - ring of protection from fire
MPRegen 0.13/turn                s - ring of resist corrosion

@: no status effects
A: thin skeletal structure 2, ignite blood 1, powered by death 3
a: Renounce Religion, Minor Destruction


You were in a bailey.
You worshipped Makhleb.
Makhleb was pleased with you.
You visited 1 branch of the dungeon, and saw 8 of its levels.
You also visited: Sewer and Bailey.

You collected 444 gold pieces.

Inventory:

Hand Weapons
 a - a +0 war axe (weapon)
 N - a +2 whip of flaming
 T - a +2 heavy hand axe
Missiles
 d - 4 throwing nets
 A - 8 poisoned darts
 F - 9 boomerangs (quivered)
 G - 15 stones
 H - 6 datura-tipped darts
 L - 3 javelins
 R - a curare-tipped dart
Armour
 c - a +0 helmet (worn)
 i - a +0 cloak (worn)
 u - the +2 leather armour of the Poles (worn) {rF+ Int+5}
   (You found it on level 3 of the Dungeon)

   Int:       It affects your intelligence (+5).
   rF:        It protects you from fire.
 B - a +0 buckler (worn)
Jewellery
 b - a ring of protection from fire (left hand)
 j - a ring of wizardry
 s - a ring of resist corrosion (right hand)
 I - an amulet of reflection (around neck)
 J - an amulet of faith
 O - an amulet of the acrobat
Wands
 e - a wand of flame (7)
 S - a wand of digging (6)
Scrolls
 f - 17 scrolls of identify {unknown}
 h - 4 scrolls of teleportation {unknown}
 l - a scroll of summoning {unknown}
 m - 3 scrolls of immolation {unknown}
 v - a scroll of acquirement {unknown}
 y - 4 scrolls of fog {unknown}
 z - 2 scrolls of silence {unknown}
 C - 3 scrolls of enchant weapon {unknown}
 D - 3 scrolls of amnesia {unknown}
 E - a scroll of poison {unknown}
 K - 2 scrolls of vulnerability {unknown}
Potions
 g - 3 potions of brilliance {unknown}
 k - a potion of mutation {unknown}
 n - 4 potions of heal wounds {unknown}
 o - 2 potions of curing {unknown}
 p - 2 potions of ambrosia {unknown}
 q - 2 potions of lignification {unknown}
 r - 2 potions of flight {unknown}
 t - a potion of cancellation {unknown}
 w - a potion of invisibility {unknown}
 x - 3 potions of might {unknown}
 M - a potion of haste
 P - a potion of resistance {unknown}
 Q - a potion of attraction {unknown}


   Skills:
 + Level 6.8 Fighting
 * Level 10.1 Axes
 - Level 2.0 Throwing
 + Level 3.3 Armour
 - Level 3.0 Dodging
 - Level 4.0 Stealth
 + Level 3.3 Shields
 * Level 4.2 Invocations


You had 9 spell levels left.
You didn't know any spells.
Your spell library contained the following spells:

 Spells                   Type           Power      Damage    Failure   Level
 Magic Dart               Conj           0%         1d3       41%         1
 Shock                    Conj/Air       0%         1d3       41%         1
 Searing Ray              Conj           0%         2d4       56%         2
 Swiftness                Air            0%         N/A       80%         3
 Airstrike                Air            0%         2d(0-16)  99%         4
 Fulminant Prism          Conj/Hex       0%         3d5       99%         4


Dungeon Overview and Level Annotations

Branches:
Dungeon (8/15)             Temple (0/1) D:4           Sewer (visited)
 Bailey (1/1)
   Lair: D:8-11

Altars:
Ashenzari
Fedhas
Makhleb
Wu Jian
Yredelemnul

Annotations:
D:4 1 runed translucent door, Crazy Yiuf
D:7 3 runed translucent doors, cforsyth's ghost, novice OpSu


Innate Abilities, Weirdness & Mutations

You have a moderately thin skeletal structure. (Dex +4, Stealth++)
Your demonic aura sometimes causes spilled blood to erupt in flames.
You regenerate a lot of health from kills.


Message History

* * * LOW HITPOINT WARNING * * *
Okay, then.
Aiming: Minor Destruction (1% risk of failure)
Press: ? - help, Shift-Dir - straight line, f - goblin, p - human
Aim: a goblin, wielding a +0 hand axe and wearing a +0 leather armour The puff of flame misses the bullfrog.
The puff of flame hits the goblin.
The goblin is moderately wounded.
You block the bullfrog's attack. The bullfrog closely misses you.
The human hits you with a +1 heavy hand axe.
* * * LOW HITPOINT WARNING * * *
A human comes into view. It is wielding a +0 war axe.
Aiming: Minor Destruction (1% risk of failure)
Press: ? - help, Shift-Dir - straight line, p - goblin The stone arrow hits the human.
The human is moderately wounded.
The bullfrog misses you. You block the bullfrog's attack.
The bullfrog barely misses you. The bullfrog closely misses you.
Unknown command.
You hit the human.
The human is heavily wounded.
You hit the bullfrog. You slash the bullfrog! The bullfrog closely misses you.
The human is engulfed in blazing flames.
The human hits you with a +1 heavy hand axe.
* * * LOW HITPOINT WARNING * * *
The bullfrog hits you.
* * * LOW HITPOINT WARNING * * *
The goblin is engulfed in blazing flames.
You kill the goblin!
Makhleb accepts your kill.
You barely miss the human.
The human is severely wounded.
You slash the bullfrog! You closely miss the bullfrog. The bullfrog hits you.
* * * LOW HITPOINT WARNING * * *
You block the bullfrog's attack. The bullfrog hits you.
* * * LOW HITPOINT WARNING * * *
The human is engulfed in blazing flames.
The human hits you with a +1 heavy hand axe!
* * * LOW HITPOINT WARNING * * *
The bullfrog hits you.
You die...

#### ...##
...## #...#
#...# ##..#
######...#
#.......#####
#......##@..##
#'#....)FFp..#
#..######[○...#


p.pg +..∩..# ..p.o ##...## #..... ##### ##.... ##.p. You could see a human and 2
bullfrogs.

Vanquished Creatures
  Pikel (D:6)
  Grinder (D:5)
  4 humans (Bailey)
  A steam dragon (D:8)
  2 water moccasins
  An ice beast (D:6)
  2 sky beasts
  An orc warrior (D:7)
  2 ogres
  4 centaurs
  4 lemures (D:6)
  A phantom (D:6)
  A kobold brigand (D:7)
  2 bullfrogs
  A scorpion (D:4)
  3 wights (D:6)
  8 killer bees (D:7)
  4 howler monkeys (D:7)
  8 hounds
  A sleepcap (D:4)
  2 jellies
  3 iguanas
  6 orc wizards
  Robin (D:3)
  9 gnolls
  8 adders
  A river rat (D:4)
  2 shadow imps
  2 white imps
  A worm (D:3)
  A dart slug (D:1)
  20 orcs
  8 ball pythons
  5 endoplasms
  6 giant cockroaches
  24 goblins
  7 hobgoblins
  13 jackals
  6 quokkas
  9 bats
  5 frilled lizards
  13 kobolds
  7 rats
211 creatures vanquished.

Vanquished Creatures (others)
  16 plants (D:3)
16 creatures vanquished.

Grand Total: 227 creatures vanquished

Notes
Turn   | Place    | Note
-------+----------+-------------------------------------------
     0 | D:1      | oldriver the Demonspawn Gladiator began the quest for the
                  | Orb.
     0 | D:1      | Reached XP level 1. HP: 16/16 MP: 1/1
    45 | D:1      | Reached skill level 3 in Axes
    45 | D:1      | Gained mutation: You regenerate a little health from kills.
                  | [demonic ancestry]
    45 | D:1      | Reached XP level 2. HP: 7/23 MP: 2/2
   488 | D:1      | Found a faded altar of an unknown god.
   817 | D:1      | Reached XP level 3. HP: 29/29 MP: 3/3
  1569 | D:2      | Reached XP level 4. HP: 35/35 MP: 4/4
  1820 | D:2      | Found an ornate altar of the Wu Jian Council.
  2094 | D:3      | Reached skill level 1 in Stealth
  2242 | D:3      | Reached skill level 1 in Armour
  2243 | D:3      | Gained mutation: You regenerate health from kills. [demonic
                  | ancestry]
  2243 | D:3      | Reached XP level 5. HP: 31/42 MP: 5/5
  2461 | D:3      | Identified the +5 spear "Ymmul" {vamp, rElec Dex+2}
  2555 | D:3      | Noticed Robin
  2634 | D:3      | Found a blossoming altar of Fedhas.
  2700 | D:3      | Killed Robin
  2866 | D:3      | Identified the +2 leather armour of the Poles {rF+ Int+5}
  3038 | D:4      | Gained mutation: You have a somewhat thin skeletal
                  | structure. (Dex +2, Stealth+) [demonic ancestry]
  3038 | D:4      | Reached XP level 6. HP: 46/49 MP: 6/6
  3066 | D:4      | Reached skill level 4 in Axes
  3113 | D:4      | Reached skill level 5 in Fighting
  3287 | D:4      | Found a glowing drain.
  3297 | Sewer    | Entered a sewer
  3460 | Sewer    | Noticed a water moccasin
  3490 | Sewer    | Killed a water moccasin
  3491 | Sewer    | Reached XP level 7. HP: 32/57 MP: 7/7
  3826 | D:4      | Found a staircase to the Ecumenical Temple.
  3894 | D:4      | Found a burning altar of Makhleb.
  3912 | D:4      | Became a worshipper of Makhleb the Destroyer
  4031 | D:4      | Found a runed translucent door.
  4032 | D:4      | Noticed Crazy Yiuf
  4232 | D:5      | Entered Level 5 of the Dungeon
  4494 | D:5      | Identified the staff of poison "Muror" {rPois Dex+3}
  4625 | D:5      | Reached skill level 5 in Axes
  4625 | D:5      | Reached skill level 1 in Shields
  4918 | D:5      | Found a basalt altar of Yredelemnul.
  4954 | D:5      | Noticed Grinder
  4967 | D:5      | Killed Grinder
  4968 | D:5      | Gained mutation: You have a moderately thin skeletal
                  | structure. (Dex +4, Stealth++) [demonic ancestry]
  4968 | D:5      | Reached XP level 8. HP: 64/64 MP: 8/8
  6085 | D:6      | Reached skill level 6 in Axes
  6269 | D:6      | Reached * piety under Makhleb
  6399 | D:6      | Reached skill level 7 in Axes
  6960 | D:6      | Reached skill level 8 in Axes
  7134 | D:6      | Gained mutation: You regenerate a lot of health from kills.
                  | [demonic ancestry]
  7134 | D:6      | Reached XP level 9. HP: 69/69 MP: 9/9
  7156 | D:6      | Noticed Pikel
  7354 | D:6      | Killed Pikel
  7355 | D:6      | Reached skill level 9 in Axes
  7762 | D:7      | Found a runed translucent gate.
  7763 | D:7      | Found a runed translucent gate.
  7764 | D:7      | Found a runed translucent gate.
  7765 | D:7      | Noticed cforsyth's ghost (novice OpSu)
  7891 | D:7      | Reached skill level 1 in Invocations
  8017 | D:7      | Noticed a deep elf pyromancer
  8112 | D:7      | Found a broken altar of Ashenzari.
  8289 | D:7      | Reached ** piety under Makhleb
  8547 | D:7      | HP: 2/71 [killer bee (6)]
  9205 | D:8      | Found a flagged portal.
  9228 | Bailey   | Entered a bailey
  9262 | Bailey   | Reached skill level 10 in Axes
  9262 | Bailey   | Gained mutation: Your demonic aura sometimes causes spilled
                  | blood to erupt in flames. [demonic ancestry]
  9262 | Bailey   | Reached XP level 10. HP: 29/77 MP: 12/12
  9453 | Bailey   | HP: 2/77 [human/+1 heavy hand axe (11)]
  9453 | Bailey   | Slain by a bullfrog

Illustrated notes

Levels and vault maps discovered:
D:1:      kennysheep_arrival_forest, layout_basic, ebering_ecumenical_altar_mist
D:2:      layout_loops_ring, basic_altar
D:3:      layout_loops_ring, lemuel_coloured_pillars_altar, fedhas_altar_4,
          nicolae_grassy_gnolls, uniq_robin
D:4:      layout_cave_pools, makhleb_blood_cavern_becter,
          minmay_temple_entry_antechambers, gup_sewer_entry_bubbles,
          uniq_crazy_yiuf_cottage
D:5:      layout_layer_cave, mainiacjoe_overflow_24_doors, cheibrodos_gnoll_hut,
          uniq_grinder
D:6:      layout_basic, minivault_5, nicolae_sextant, uniq_pikel
D:7:      layout_rooms, ashenzari_conservatory_becter, gammafunk_ghost_split,
          roderic_lattice_a, kennysheep_windowed_goal
D:8:      gammafunk_wand_slinger, layout_basic, enter_bailey_4,
          gammafunk_ghost_smash, amcnicky_mini_rare_corridor_liquid,
          kennysheep_generic_room_2
Bailey:   bailey_axe_froggy_fort_hellmonk, bailey

Skill      XL: |  1  2  3  4  5  6  7  8  9 10 |
---------------+-------------------------------+-----
Axes           | 3 4 5 8 10 | 10.1
Fighting       | 3 4 5 6 |  6.8
Stealth        | 1 2 3 4 |  4.0
Dodging        | 3 |  3.0
Armour         | 1 2 3 |  3.3
Shields        | 2 3 |  3.3
Throwing       | 2 |  2.0
Invocations    | 3 4 |  4.2

Action                     |  1- 3 |  4- 6 |  7- 9 | 10-12 || total
---------------------------+-------+-------+-------+-------++-------
  Melee: War axe           |   135 |   234 |   404 |    37 ||   810
         Punch             |     1 |     3 |       |       ||     4
         Unarmed           |       |     1 |       |       ||     1
  Throw: Javelin           |       |     1 |     1 |       ||     2
         Dart              |       |       |    10 |       ||    10
         Stone             |       |       |    12 |       ||    12
         Boomerang         |       |       |     5 |       ||     5
 Invoke: Minor Destruction |       |       |     3 |     3 ||     6
  Evoke: Wand              |       |       |     8 |       ||     8
   Stab: Sleeping          |       |     3 |    12 |       ||    15
 Armour: Leather armour    |    14 |    39 |   110 |     1 ||   164
         Scale mail        |    72 |    85 |       |       ||   157
         Skin              |       |     3 |       |       ||     3
  Dodge: Dodged            |   116 |   170 |   203 |    19 ||   508
  Block: Buckler           |       |       |   171 |    20 ||   191
         Reflection        |       |       |    10 |       ||    10

Table legend: (Time is in decaauts)
 A = Elapsed time spent in this place.
 B = Non-inter-level travel time spent in this place.
 C = Inter-level travel time spent in this place.
 D = Time resting spent in this place.
 E = Time spent auto-exploring this place.
 F = Levels seen in this place.
 G = Mean time per level.
                   A        B        C        D        E       F      G
               +--------+--------+--------+--------+--------+-----+--------+
         Total |   9687 |   8860 |    827 |   1100 |   5308 |  10 |  968.7 |
       Dungeon |   9068 |   8241 |    827 |    892 |   5136 |   8 | 1133.5 |
         Sewer |    389 |    389 |      0 |    100 |    172 |   1 |  389.0 |
        Bailey |    229 |    229 |      0 |    108 |      0 |   1 |  229.0 |
               +--------+--------+--------+--------+--------+-----+--------+

Top non-repeatable levels by time:
     D:6: 1673 daAuts
     D:5: 1369 daAuts
     D:4: 1246 daAuts
     D:1: 1206 daAuts
     D:7: 1174 daAuts
     D:3: 1086 daAuts
     D:2: 940 daAuts
   Sewer: 389 daAuts
     D:8: 372 daAuts
  Bailey: 229 daAuts
